 Dungeon Crawl Stone Soup version 0.31-a0-574-g69dc8cc98e (webtiles) character file.

Game seed: 8665149695445502362

1430 HoaS the Skirmisher (level 8, -6/44 HPs)
             Began as a Gargoyle Hunter on Aug 17, 2023.
             Was a Follower of Elyvilon.
             Mangled by Edmund
             ... wielding a +2 dire flail of protection
              (13 damage)
             ... on level 6 of the Dungeon on Aug 18, 2023.
             The game lasted 00:16:55 (4950 turns).

HoaS the Skirmisher (Gargoyle Hunter)               Turns: 4950, Time: 00:16:56

Health: -6/44      AC: 14    Str: 15    XL:     8   Next: 73%
Magic:  9/9        EV: 11    Int: 10    God:    Elyvilon [*.....]
Gold:   253        SH:  0    Dex: 15    Spells: 7/7 levels left

rFire   + . .        a - +0 shortbow
rCold   . . .        (shield currently unavailable)
rNeg    + + .        c - +0 leather armour
rPois   ∞            k - +1 helmet
rElec   +            e - +0 cloak
rCorr   +            i - +0 pair of gloves
SInv    .            f - +1 pair of boots
Will    .....        h - amulet of regeneration
Stlth   +++          u - ring of positive energy
HPRegen 1.07/turn    v - ring "Ogoinah" {rElec rPois rF+ rCorr Stlth+}
MPRegen 0.11/turn

%: no passive effects
@: no status effects
A: sickness immunity, AC +5, negative energy resistance 1, electricity
resistance, torment resistance 1, petrification resistance
a: Renounce Religion, Purification


You were on level 6 of the Dungeon.
You worshipped Elyvilon.
Elyvilon was aware of your devotion.
You visited 1 branch of the dungeon, and saw 6 of its levels.
You also visited: Ossuary.

You collected 253 gold pieces.

Inventory:

Hand Weapons
 a - a +0 shortbow (weapon)
Armour
 c - a +0 leather armour (worn)
 e - a +0 cloak (worn)
 f - a +1 pair of boots (worn)
 i - a +0 pair of gloves (worn)
 k - a +1 helmet (worn)
Jewellery
 h - an amulet of regeneration (around neck)
 u - a ring of positive energy (left hand)
 v - the ring "Ogoinah" (right hand) {rElec rPois rF+ rCorr Stlth+}
   (You found it on level 5 of the Dungeon)

   [ring of protection from fire]

   rF+:       It protects you from fire.
   rElec:     It insulates you from electricity.
   rPois:     It protects you from poison rCorr: It protects you from acid and
   corrosion.
   Stlth+:    It makes you more stealthy.
Wands
 p - a wand of mindburst (3)
Scrolls
 b - a scroll of butterflies
 j - 2 scrolls of teleportation
 l - a scroll of poison
 w - a scroll of immolation
Potions
 d - a potion of ambrosia
 g - 6 potions of curing
 m - 3 potions of enlightenment
 n - a potion of resistance
 o - 2 potions of mutation
 q - 2 potions of attraction {unknown}
 r - 2 potions of degeneration {unknown}
 s - a potion of haste {unknown}
 t - a potion of invisibility {unknown}


   Skills:
 - Level 2.1 Fighting
 * Level 11.0 Ranged Weapons
 - Level 1.5 Dodging
 - Level 1.1 Stealth
 - Level 2.2 Invocations


You had 7 spell levels left.
You didn't know any spells.
Your spell library contained the following spells:

 Spells                   Type           Power      Damage    Failure   Level
 Sandblast                Erth           0%         2d4       43%         1
 Blink                    Tloc           0%         N/A       56%         2
 Lesser Beckoning         Tloc           0%         N/A       56%         2
 Momentum Strike          Conj/Tloc      0%         3d8       56%         2
 Passwall                 Tmut/Erth      0%         N/A       56%         2
 Call Canine Familiar     Summ           0%         N/A       80%         3
 Gell's Gravitas          Tloc           0%         N/A       80%         3
 Portal Projectile        Hex/Tloc       0%         N/A       80%         3
 Stone Arrow              Conj/Erth      0%         3d7       80%         3
 Teleport Other           Tloc           0%         N/A       80%         3
 Tukima's Dance           Hex            0%         N/A       80%         3
 Iskenderun's Mystic Bla  Conj/Tloc      0%         2d3       99%         4
 Leda's Liquefaction      Hex/Erth       0%         N/A       99%         4
 Manifold Assault         Tloc           0%         N/A       99%         4


Dungeon Overview and Level Annotations

Branches:
Dungeon (6/15)            Ossuary (visited)
 Temple: D:4-7

Altars:
Elyvilon
Kikubaaqudgha
Vehumet
Yredelemnul

Shops:
D:1 *

Annotations:
D:6 Edmund


Innate Abilities, Weirdness & Mutations

You are immune to sickness and miasma.
Your stone body is resilient. (AC +5)
You are immune to poison.
You resist negative energy. (rN+)
You are resistant to electric shocks. (rElec)
You are resistant to unholy torment.
You are immune to petrification.


Message History

You shoot an arrow. The arrow closely misses Edmund.
You shoot an arrow.
The arrow hits Edmund but does no damage.
Edmund is severely wounded.
Edmund hits you with a +2 dire flail of protection.
* * * LOW HITPOINT WARNING * * *
You shoot an arrow.
The arrow hits Edmund but does no damage.
Edmund is severely wounded.
Edmund hits you with a +2 dire flail of protection.
* * * LOW HITPOINT WARNING * * *
You shoot an arrow. The arrow closely misses Edmund.
Edmund hits you with a +2 dire flail of protection.
Elyvilon protects you from harm!
You shoot an arrow.
The arrow hits Edmund but does no damage.
Edmund is severely wounded.
Edmund closely misses you.
You shoot an arrow.
The arrow hits Edmund but does no damage.
Edmund is severely wounded.
Edmund hits you but does no damage.
Okay, then.
You feel better. Edmund misses you.
You shoot an arrow. The arrow barely misses Edmund.
Edmund barely misses you.
You shoot an arrow. The arrow hits Edmund!
Edmund is almost dead.
Edmund says, "A flail is better than a scythe, any day of the week!"
Edmund hits you with a +2 dire flail of protection!
* * * LOW HITPOINT WARNING * * *
You shoot an arrow. The arrow hits Edmund.
Edmund is almost dead.
Edmund hits you with a +2 dire flail of protection!
* * * LOW HITPOINT WARNING * * *
You shoot an arrow.
The arrow hits Edmund but does no damage.
Edmund is almost dead.
Edmund hits you with a +2 dire flail of protection!
You die...
Edmund says, "That'll show my brother!"

# #. ..
#.###
#.@@#
##....#
....#+#
#.....
#.....
#......
####+#+


You could see Edmund.

Vanquished Creatures
  An ice beast (D:5)
  An ogre (D:5)
  A centaur (D:5)
  2 scorpions
  6 water moccasin zombies (Ossuary)
  4 wights (D:4)
  3 jellies (D:5)
  A hound (D:5)
  An orc priest (D:4)
  Crazy Yiuf (D:2)
  2 iguanas
  2 orc wizards (D:4)
  3 mummies
  Robin (D:3)
  4 adders
  4 adder zombies (Ossuary)
  A worm (D:2)
  8 orcs
  10 ball pythons
  5 endoplasms
  4 giant cockroaches
  2 gnoll zombies (Ossuary)
  15 goblins
  16 hobgoblins
  7 jackals
  5 quokkas
  4 bats
  5 frilled lizards
  A goblin zombie (D:3)
  A hobgoblin zombie (Ossuary)
  4 kobolds
  10 kobold zombies (Ossuary)
  8 orc zombies (Ossuary)
  7 rats
150 creatures vanquished.

Notes
Turn   | Place    | Note
-------+----------+-------------------------------------------
     0 | D:1      | HoaS the Gargoyle Hunter began the quest for the Orb.
     0 | D:1      | Reached XP level 1. HP: 12/12 MP: 1/1
    88 | D:1      | Reached XP level 2. HP: 17/17 MP: 2/2
   257 | D:1      | Reached XP level 3. HP: 21/21 MP: 3/3
   399 | D:1      | Reached skill level 5 in Ranged Weapons
   534 | D:1      | Found Ceniydd's General Store.
  1183 | D:2      | Upgraded the game from 0.31-a0-564-g3b7de120b3 to
                  | 0.31-a0-574-g69dc8cc98e
  1348 | D:2      | Identified the +7 hammer "Limubaag" {spect, rPois rC+ Int+4
                  | SInv}
  1354 | D:2      | Found a runed translucent door.
  1355 | D:2      | Noticed Crazy Yiuf
  1831 | D:2      | Reached XP level 4. HP: 25/26 MP: 4/4
  2194 | D:3      | Identified the -2 pair of boots "Vided" {rElec Str+2}
  2264 | D:3      | Noticed Robin
  2284 | D:3      | Killed Robin
  2320 | D:3      | Found a runed translucent door.
  2320 | D:3      | Noticed a human
  2331 | D:3      | Found a basalt altar of Yredelemnul.
  2414 | D:3      | Reached skill level 6 in Ranged Weapons
  2676 | D:3      | Found a white marble altar of Elyvilon.
  2948 | D:3      | Became a worshipper of Elyvilon the Healer
  3163 | D:2      | Killed Crazy Yiuf
  3164 | D:2      | Reached XP level 5. HP: 14/30 MP: 5/5
  3311 | D:4      | Found a sand-covered staircase.
  3322 | D:4      | Reached skill level 1 in Invocations
  3336 | Ossuary  | Entered an ossuary
  3437 | Ossuary  | Reached skill level 7 in Ranged Weapons
  3437 | Ossuary  | Reached XP level 6. HP: 35/35 MP: 7/7
  3520 | Ossuary  | Reached XP level 7. HP: 40/40 MP: 8/8
  3523 | Ossuary  | Reached skill level 8 in Ranged Weapons
  4118 | D:4      | Reached skill level 9 in Ranged Weapons
  4125 | D:4      | Found a radiant altar of Vehumet.
  4244 | D:4      | Reached XP level 8. HP: 35/44 MP: 9/9
  4328 | D:5      | Entered Level 5 of the Dungeon
  4376 | D:5      | Identified the ring "Ogoinah" {rElec rPois rF+ rCorr
                  | Stlth+}
  4387 | D:5      | Reached * piety under Elyvilon
  4495 | D:5      | Reached skill level 10 in Ranged Weapons
  4562 | D:5      | Identified the +6 dagger of Sesti {venom, rF+++ Str+3
                  | Int-5}
  4757 | D:5      | Reached skill level 11 in Ranged Weapons
  4910 | D:5      | Found an ancient bone altar of Kikubaaqudgha.
  4915 | D:6      | Noticed Edmund
  4942 | D:6      | HP: 2/44 [Edmund/+2 dire flail of protection (6)]
  4943 | D:6      | Elyvilon protects you from harm!
  4950 | D:6      | Mangled by Edmund

Illustrated notes

Levels and vault maps discovered:
D:1:      evilmike_arrival_rings, layout_basic, serial_shops, shop,
          minmay_pentomino_t2
D:2:      minmay_razor_zed, layout_loops_corners, uniq_crazy_yiuf_cottage
D:3:      layout_loops_ring, dk_yredelemnul_ordeal,
          mainiacjoe_overflow_alcove_2, uniq_robin
D:4:      layout_basic, mainiacjoe_overflow_tiny_flanked,
          gup_ossuary_entry_pyramid
D:5:      layout_rooms, nicolae_overflow_hidden_temple
D:6:      layout_basic, serial_shops, shop, uniq_edmund, uniq_prince_ribbit1

Skill      XL: |  1  2  3  4  5  6  7  8 |
---------------+-------------------------+-----
Ranged Weapons | 5 6 7 9 11 | 11.0
Invocations    | 2 |  2.2
Fighting       | |  2.1
Dodging        | |  1.5
Stealth        | |  1.1

Action                     |  1- 3 |  4- 6 |  7- 9 || total
---------------------------+-------+-------+-------++-------
   Fire: Shortbow          |   138 |   223 |   260 ||   621
    Use: Scroll            |     6 |    10 |     3 ||    19
         Potion            |       |       |     2 ||     2
 Armour: Leather armour    |    29 |    60 |    77 ||   166
  Dodge: Dodged            |    48 |    91 |    70 ||   209

Table legend: (Time is in decaauts)
 A = Elapsed time spent in this place.
 B = Non-inter-level travel time spent in this place.
 C = Inter-level travel time spent in this place.
 D = Time resting spent in this place.
 E = Time spent auto-exploring this place.
 F = Levels seen in this place.
 G = Mean time per level.
                   A        B        C        D        E       F      G
               +--------+--------+--------+--------+--------+-----+--------+
         Total |   4991 |   4620 |    371 |    226 |   3397 |   7 |  713.0 |
       Dungeon |   4707 |   4336 |    371 |    204 |   3324 |   6 |  784.5 |
       Ossuary |    283 |    283 |      0 |     22 |     73 |   1 |  283.0 |
               +--------+--------+--------+--------+--------+-----+--------+

Top non-repeatable levels by time:
     D:2: 1316 daAuts
     D:1: 1016 daAuts
     D:3: 978 daAuts
     D:4: 786 daAuts
     D:5: 575 daAuts
 Ossuary: 283 daAuts
     D:6: 34 daAuts
